Map: Acropolis LE

Players

Neeb - Winner!

  • Race: Protoss Protoss
  • Spawn Location: 11:00

PtitDrogo

  • Race: Protoss Protoss
  • Spawn Location: 5:00

Event: 2019 WCS Summer

VOD

Have the link to the VOD?

Description

Time

  • Played on: July 13, 2019, 2:38 p.m.
  • Length: 8:50

All games in this series

Show
View Real Time Build Order
Export as new Build Order

Neeb Protoss - Winner!

Build Orders: Zealot Archon, Archon Drop 

Get SALT Encoding   

  12  0:00  Probe  
  13  0:13  Probe  
  14  0:17  Pylon  
  14  0:24  Probe  
  15  0:32  Probe  
  15  0:38  Gateway  
  15  0:40  Probe  
  16  0:46  Assimilator  
  17  0:51  Probe  
  17  0:54  Assimilator  
  18  0:59  Probe  
  19  1:07  Probe, Gateway  
  19  1:17  Probe  
  20  1:25  Cybernetics Core  
  21  1:29  Probe  
  22  1:34  Pylon  
  22  1:42  Probe  
  23  1:54  Probe  
  24  2:01  Stalker, Sentry, Warp Gate  
  24  2:06  Probe  
  29  2:10  Pylon  
  29  2:27  Stalker  
  31  2:31  Sentry  
  33  2:44  Nexus  
  33  2:49  Probe  
  34  2:57  Robotics Facility  
  34  3:02  Probe  
  35  3:11  Probe, Pylon  
  35  3:19  Probe  
  36  3:24  Pylon  
  37  3:28  Probe  
  38  3:39  Forge  
  38  3:40  Probe  
  39  3:44  Shield Battery  
  39  3:51  Warp Prism  
  39  3:52  Stalker, Probe  
  42  3:56  Probe  
  45  4:04  Probe  
  45  4:06  Probe  
  47  4:12  Probe  
  47  4:14  Probe  
  48  4:20  Probe, Protoss Ground Weapons Level 1  
  49  4:25  Shield Battery  
  49  4:27  Adept  
  49  4:28  Adept  
  49  4:30  Probe  
  54  4:35  Assimilator  
  54  4:36  Probe  
  54  4:37  Assimilator  
  56  4:39  Observer  
  56  4:42  Probe  
  56  4:44  Twilight Council  
  58  4:49  Adept x2  
  58  4:50  Probe  
  63  4:54  Probe  
  63  4:57  Immortal  
  64  5:02  Probe  
  64  5:06  Probe  
  66  5:15  Probe  
  66  5:17  Gateway  
  66  5:20  Gateway  
  67  5:22  Templar Archives  
  67  5:25  Pylon  
  67  5:29  Pylon  
  67  5:38  Pylon  
  67  5:41  Charge  
  67  5:48  Gateway  
  67  5:50  Gateway  
  67  5:51  Gateway  
  67  5:56  Gateway  
  67  6:05  Pylon  
  67  6:11  High Templar x3, Protoss Ground Weapons Level 2  
  69  6:16  Archon, High Templar  
  75  6:20  Archon  
  75  6:24  Nexus  
  75  6:25  Probe  
  75  6:26  Probe  
  75  6:28  Pylon  
  77  6:39  Observer  
  73  6:44  Zealot x5  
  83  6:51  Immortal  
  87  6:58  Zealot x3  
  93  7:06  High Templar  
  93  7:07  High Templar  
  97  7:09  Zealot x2  
  97  7:11  Archon  
  101  7:16  Probe x2  
  101  7:18  Shield Battery  
  101  7:21  Zealot x2  
  107  7:26  Zealot  
  109  7:31  Pylon  
  109  7:34  Shield Battery  
  109  7:36  Shield Battery  
  107  7:37  High Templar x2  
  107  7:41  Zealot x2  
  107  7:42  Archon  
  115  7:49  Photon Cannon  
  115  7:51  Pylon  
  115  7:52  Zealot  
  117  8:00  Zealot x2  
  117  8:03  Zealot, High Templar x2  
  127  8:07  Archon  
  127  8:12  Pylon  
  127  8:14  Pylon  
  117  8:22  Zealot x5  
  117  8:24  Zealot  
  107  8:35  Zealot x2  
  97  8:44  Zealot x3  
  97  8:45  Zealot  
Show
View Real Time Build Order
Export as new Build Order

PtitDrogo Protoss 

Build Orders: Zealot Archon 

Get SALT Encoding   

  12  0:00  Probe  
  13  0:12  Probe  
  14  0:17  Pylon  
  14  0:24  Probe  
  15  0:33  Probe  
  15  0:35  Gateway  
  15  0:41  Probe  
  16  0:46  Assimilator  
  17  0:51  Probe  
  17  0:54  Assimilator  
  18  0:59  Probe  
  19  1:07  Probe, Gateway  
  19  1:17  Probe  
  20  1:22  Cybernetics Core  
  21  1:29  Probe  
  22  1:33  Pylon  
  22  1:41  Probe  
  23  1:53  Probe  
  24  1:55  Warp Gate  
  24  1:59  Stalker  
  24  2:00  Sentry  
  28  2:11  Pylon  
  28  2:12  Probe  
  29  2:17  Shield Battery  
  29  2:20  Pylon  
  29  2:28  Stalker  
  29  2:29  Stalker  
  33  2:49  Nexus  
  33  2:52  Probe  
  34  3:00  Sentry x2  
  34  3:03  Pylon  
  39  3:05  Probe  
  39  3:19  Forge  
  39  3:21  Probe  
  40  3:28  Robotics Facility  
  40  3:30  Probe  
  41  3:38  Probe  
  41  3:46  Adept x2  
  41  3:47  Probe  
  47  4:00  Probe  
  47  4:01  Probe, Protoss Ground Weapons Level 1  
  49  4:09  Probe  
  49  4:10  Probe  
  52  4:17  Observer, Probe  
  52  4:19  Probe  
  52  4:21  Pylon  
  52  4:27  Probe  
  52  4:28  Probe  
  54  4:32  Assimilator  
  54  4:34  Assimilator  
  54  4:39  Stalker x2, Probe  
  54  4:40  Probe  
  60  4:51  Probe  
  60  4:52  Probe  
  62  5:04  Stalker x2  
  62  5:06  Probe  
  62  5:10  Probe  
  62  5:13  Twilight Council  
  61  5:18  Probe  
  62  5:23  Probe, Immortal  
  62  5:27  Pylon  
  67  5:30  Probe  
  67  5:35  Probe  
  69  5:42  Probe  
  70  5:44  Gateway  
  70  5:45  Gateway  
  70  5:47  Probe  
  71  5:50  Charge, Protoss Ground Weapons Level 2  
  71  5:56  Templar Archives  
  71  5:58  Gateway  
  71  6:03  Gateway  
  71  6:11  Immortal  
  71  6:17  Pylon  
  75  6:24  Gateway  
  75  6:27  Observer  
  75  6:28  Gateway  
  75  6:43  Warp Prism  
  75  6:51  Nexus  
  75  6:53  Pylon  
  77  7:01  High Templar  
  77  7:02  High Templar x3  
  77  7:05  Archon  
  77  7:06  Archon  
  77  7:07  Observer, Pylon  
  85  7:08  Pylon  
  85  7:17  Zealot x2  
  85  7:21  Pylon  
  85  7:22  Zealot x2  
  93  7:37  Zealot x3, High Templar x2  
  95  7:38  Zealot  
  95  7:42  Pylon  
  105  7:44  Archon  
  105  7:48  Zealot x2  
  109  7:57  Pylon  
  109  8:00  High Templar x2  
  109  8:01  Zealot x2  
  109  8:04  Archon  
  117  8:08  Zealot x2  
  117  8:09  Zealot  
  119  8:24  Zealot x3  
  103  8:32  Zealot x3, High Templar x2  
  107  8:36  Archon  
Tags
 
Add a new tag
Caveats
  • Supply blocks, unpowered buildings, or Contaminate may cause inaccurate times.
  • Supply counts are checked every 10 seconds.